 Dungeon Crawl Stone Soup version 0.22-a0-460-g49b1da7 (webtiles) character file.

58 4thArraOfDagon the Chopper (level 4, -6/40 HPs)
             Began as a Hill Orc Monk on June 9, 2018.
             Mangled by an iguana (13 damage)
             ... on level 4 of the Dungeon.
             The game lasted 00:01:22 (277 turns).

4thArraOfDagon the Chopper (Hill Orc Monk)           Turns: 277, Time: 00:01:23

Health: -6/40      AC:  2    Str: 13    XL:     4   Next: 2%
Magic:  4/4        EV: 13    Int: 11    God:
Gold:   30         SH:  0    Dex: 13    Spells: 3/3 levels left

rFire    . . .     SeeInvis .   g - +0 war axe
rCold    . . .     Gourm    .   (no shield)
rNeg     . . .     Faith    .   b - +0 robe
rPois    .         Spirit   .   (no helmet)
rElec    .         Reflect  .   (no cloak)
rCorr    .         Harm     .   (no gloves)
MR       .....                  (no boots)
Stlth    +.........             (no amulet)
HPRegen  0.13/turn              h - ring of loudness (curse)
MPRegen  0.09/turn              (no ring)

@: no status effects
A: no striking features
a: no special abilities


You were on level 4 of the Dungeon.
You were not hungry.

You visited 1 branch of the dungeon, and saw 4 of its levels.

You collected 30 gold pieces.

Inventory:

Hand Weapons
 a - a +0 hand axe
 g - a +0 war axe (weapon)
Armour
 b - a +0 robe (worn)
Jewellery
 h - a cursed ring of loudness (left hand)
Comestibles
 c - 2 rations


   Skills:
 - Level 4.2 Fighting
 * Level 5.9 Axes
 - Level 2.4 Dodging
 - Level 1.5 Stealth


You had 3 spell levels left.
You didn't know any spells.
Your spell library was empty.

Dungeon Overview and Level Annotations

Branches:
Dungeon (4/15)
 Temple: D:4-7

Altars:

Annotations:
D:3 Grinder


Message History

It was a potion of curing.
You feel better. The bullfrog skeleton hits you.
* * * LOW HITPOINT WARNING * * *
The iguana misses you.
Unknown command.
It was a potion of magic.
Magic courses through your body.
The bullfrog skeleton barely misses you.
The iguana misses you.
Unknown command.
As you read the scroll labeled FOSAUPR RYIPEM, it crumbles to dust.
It is a scroll of amnesia.
You feel forgetful for a moment.
The bullfrog skeleton hits you but does no damage.
The iguana misses you. The bullfrog skeleton hits you.
* * * LOW HITPOINT WARNING * * *
Unknown command.
As you read the scroll labeled USKERINEST, it crumbles to dust.
It is a scroll of identify.
You don't have any unidentified items.
The bullfrog skeleton misses you. The iguana bites you!
You die... ####### #.....# #.....+ .....# ....# hhh

#Z# ###### #@###
#..... #.l.# #.....
###.# #..... #.#
#.....
#.#########.....
#...............
#............###
########.......†.†..#
.......'.........)..#


You could see an iguana, 3 jackals and a bullfrog skeleton.

Vanquished Creatures
  An orc wizard (D:3)
  An adder (D:2)
  A dart slug (D:1)
  4 leopard geckos
  2 orcs (D:3)
  A goblin (D:2)
  3 hobgoblins
  A quokka (D:4)
  A frilled lizard (D:2)
  A kobold (D:1)
  2 rats
18 creatures vanquished.

Notes
Turn   | Place    | Note
-------+----------+-------------------------------------------
     0 | D:1      | 4thArraOfDagon the Hill Orc Monk began the quest for the Orb.
     0 | D:1      | Reached XP level 1. HP: 19/19 MP: 1/1
   116 | D:3      | Noticed an orc wizard
   125 | D:3      | Reached XP level 2. HP: 27/27 MP: 2/2
   126 | D:3      | Reached skill level 5 in Axes
   126 | D:3      | Reached XP level 3. HP: 33/33 MP: 3/3
   173 | D:3      | Noticed Grinder
   242 | D:4      | Reached XP level 4. HP: 23/40 MP: 4/4
   277 | D:4      | Mangled by an iguana

Vault maps used:
D:1:      saegor_arrival_simple_c, kennysheep_flooded_box, minmay_hexomino_c4
D:2:      cheibrodos_helix_gallery, chequers_ecumenical_altar_simple,
          serial_park_tiny_1
D:3:      led_sif_pool, portal_sewer_entry_f, serial_glass, glass_columns_b,
          glass_columns_c, uniq_robin, uniq_grinder, uniq_jessica
D:4:      lemuel_zombie_altar_kikubaaqudgha

Skill      XL: |  1  2 |
---------------+-------+-----
Fighting       | 4 |  4.2
Axes           | 5 |  5.9
Dodging        | |  2.4
Stealth        | |  1.5

Action                   |  1- 3 |  4- 6 || total
-------------------------+-------+-------++-------
Melee: Hand axe          |     8 |       ||     8
       War axe           |    21 |     4 ||    25
  Use: Potion            |     1 |     2 ||     3
       Scroll            |       |     2 ||     2
Armor: Robe              |     7 |     1 ||     8
Dodge: Dodged            |    16 |    11 ||    27

Table legend:
 A = Spawn XP
 B = Non-spawn XP
 C = Spawn XP percentage of total XP
 D = Spawn monster count
 E = Non-spawn monster count
 F = Spawn count percentage of total count
 G = Total turns spent on level
                    A         B        C        D         E        F      G
               +---------+---------+-------+---------+---------+-------+---------
         Total |       0 |      84 |   0.0 |       0 |      18 |   0.0 |   277
               +---------+---------+-------+---------+---------+-------+---------
           D:1 |       0 |       6 |   0.0 |       0 |       3 |   0.0 |    76
           D:2 |       0 |      19 |   0.0 |       0 |       5 |   0.0 |    97
           D:3 |       0 |      47 |   0.0 |       0 |       5 |   0.0 |    64
           D:4 |       0 |      12 |   0.0 |       0 |       5 |   0.0 |    40
               +---------+---------+-------+---------+---------+-------+---------
